 Dungeon Crawl Stone Soup version 0.29.1 (webtiles) character file.

Game seed: 14095389046270008792

4424 qw the Cleaver (level 10, -1/64 HPs)
             Began as a Gargoyle Fighter on Sept 13, 2022.
             Was a Follower of Okawaru.
             Slain by Grum
             ... wielding a +0 halberd
              (13 damage)
             ... on level 8 of the Dungeon.
             The game lasted 00:02:55 (7469 turns).

qw the Cleaver (Gargoyle Fighter)                   Turns: 7469, Time: 00:02:55

Health: -1/64      AC: 30    Str: 24    XL:     10   Next: 36%
Magic:  10/12      EV:  9    Int:  9    God:    Okawaru [*.....]
Gold:   242        SH:  6    Dex:  9    Spells: 9/9 levels left

rFire   . . .      SeeInvis +   Y - +1 war axe (freeze)
rCold   . . .      Faith    .   c - +0 buckler
rNeg    + . .      Spirit   .   b - +0 plate armour
rPois   inf        Reflect  .   o - +1 helmet
rElec   +          Harm     .   f - +2 cloak
rCorr   .          Rampage  .   (no gloves)
Will    .....                   j - +0 pair of boots
Stlth   ..........              (no amulet)
HPRegen 0.20/turn               l - ring of see invisible
MPRegen 0.13/turn               r - +4 ring of slaying {mikee}

@: heroic
A: sickness immunity, AC +7, negative energy resistance 1, electricity
resistance, torment resistance 1, petrification resistance
a: Renounce Religion, Heroism


You were on level 8 of the Dungeon.
You worshipped Okawaru.
Okawaru was aware of your devotion.
You visited 1 branch of the dungeon, and saw 8 of its levels.

You collected 448 gold pieces.
You spent 206 gold pieces at shops.


Innate Abilities, Weirdness & Mutations

You are immune to sickness and miasma.
Your stone body is resilient. (AC +7)
You are immune to poison.
You resist negative energy. (rN+)
You are resistant to electric shocks. (rElec)
You are resistant to unholy torment.
You are immune to petrification.


   Skills:
 - Level 8.0(13.0) Fighting
 + Level 10.0(15.0) Axes
 - Level 1.1(6.1) Throwing
 - Level 7.1(12.1) Armour
 - Level 1.3(6.3) Dodging
 - Level 5.0(10.0) Shields
 + Level 3.0 Invocations


You had 9 spell levels left.
You didn't know any spells.
Your spell library was empty.

Inventory:

Hand Weapons
 m - a +0 flail
 Y - a +1 war axe of freezing (weapon)
Missiles
 a - 8 boomerangs (quivered)
Armour
 b - a +0 plate armour (worn)
 c - a +0 buckler (worn)
 f - a +2 cloak (worn)
 j - a +0 pair of boots (worn)
 o - a +1 helmet (worn)
Jewellery
 l - a ring of see invisible (left hand)
 r - a +4 ring of slaying (right hand) {mikee}
Scrolls
 e - 2 scrolls of blinking
 i - 2 scrolls of identify
 s - a scroll of butterflies {unknown}
Potions
 d - 6 potions of might
 g - 8 potions of curing
 h - 2 potions of magic
 k - 2 potions of attraction
 n - 2 potions of haste
 p - 3 potions of lignification
 q - 2 potions of mutation

Dungeon Overview and Level Annotations

Branches:
Dungeon (8/15)             Temple (0/1) D:7
   Lair: D:8-11

Altars:
Dithmenos
Elyvilon
Fedhas
Kikubaaqudgha
Okawaru
Yredelemnul

Shops:
D:1 ?   D:5 =   D:7 *

Annotations:
D:5 1 runed translucent door, qw's ghost, amateur MiBe
D:8 Grum


Message History

You slash the wolf! You freeze the wolf. You block the wolf's attack.
The orc priest mumbles some strange prayers to Beogh against you.
Beogh smites you!
Grum grunts.
Grum closely misses you.
You closely miss the wolf.
The wolf is moderately wounded.
You slash the black bear! You freeze the black bear.
You block the wolf's attack.
You completely miss the black bear.
The black bear is heavily wounded.
You barely miss the wolf. The wolf completely misses you.
The orc priest calls down the wrath of Beogh upon you.
Beogh smites you! You block the black bear's attack. The black bear claws you.
The black bear claws you but does no damage.
Grum closely misses you. The wolf barely misses you.
You barely miss the black bear.
The black bear is heavily wounded.
You closely miss the wolf. The black bear bites you. The black bear misses you.
The black bear claws you. The wolf barely misses you.
Grum hits you but does no damage.
You hit the black bear. You freeze the black bear.
The black bear is severely wounded.
You slash the wolf! You freeze the wolf. The wolf bites you but does no damage.
The black bear bites you but does no damage.
The black bear claws you but does no damage.
The black bear claws you. Grum barely misses you.
You slice the wolf!! You freeze the wolf.
You kill the wolf!
Okawaru accepts your kill.
You slash the black bear! You freeze the black bear.
You kill the black bear!
Okawaru accepts your kill.
Your base Shields skill increases to level 5!
Your Invocations skill increases to level 3!
Grum hits you with a +0 halberd!
You die...

#..8..888....<........##
##.8888...###...##...##
#..8...###......##...##
##...####........##...#
+.###...........#....#
### #..............#
#..............#
##.....o......###
#....g@%........#
#......#...#....##
#......###.###/##
#.....# ### ### ......
...... #.... ##...


You could see Grum and an orc priest.

Vanquished Creatures
  A kobold demonologist (D:5)
  A vampire (D:5)
  A yak (D:6)
  A steam dragon (D:7)
  2 water moccasins
  3 orc warriors
  A sky beast (D:7)
  3 black bears
  An ogre (D:6)
  4 ice beasts
  4 wolves (D:8)
  4 centaurs
  A phantom (D:6)
  A kobold brigand (D:7)
  2 bullfrogs
  A necrophage (D:6)
  6 scorpions
  3 howler monkeys
  2 jellies
  4 orc priests
  4 hounds
  6 iguanas
  12 orc wizards
  Robin (D:3)
  A gnoll (D:1)
  8 adders
  2 white imps
  4 ufetubi
  A worm (D:2)
  3 dart slugs
  23 orcs
  6 ball pythons
  10 endoplasms
  5 giant cockroaches
  10 hobgoblins
  4 jackals (D:1)
  10 kobolds
  A quokka (D:5)
  4 bats
  3 frilled lizards
  14 goblins
  4 rats
182 creatures vanquished.

Notes
Turn   | Place    | Note
-------+----------+-------------------------------------------
     0 | D:1      | qw the Gargoyle Fighter began the quest for the Orb.
     0 | D:1      | Reached XP level 1. HP: 14/14 MP: 1/1
     0 | D:1      | 0 ||| qw: Version: 0.1-a-119-g272c26d
     0 | D:1      | 0 ||| qw: Game counter: 11296
     0 | D:1      | 0 ||| qw: Always use a shield: true
     0 | D:1      | 0 ||| qw: God list: Okawaru
     0 | D:1      | 0 ||| qw: Allow faded altars: false
     0 | D:1      | 0 ||| qw: Do Orc after D:15 true
     0 | D:1      | 0 ||| qw: Do second Lair branch before Depths: true
     0 | D:1      | 0 ||| qw: Lair rune preference: random
     0 | D:1      | 0 ||| qw: Plans: Normal, Zot, God:TSO, Crypt, Tomb, Pan,
                  | Slime, Hells, Zig, Abyss, Orb
     0 | D:1      | 0 ||| PLANNING D:1-11
     5 | D:1      | Noticed a merfolk zombie
     8 | D:1      | Noticed a dwarf
    15 | D:1      | Noticed a gargoyle
    19 | D:1      | Noticed a troll
    75 | D:1      | Reached skill level 2 in Axes
   223 | D:1      | Found a faded altar of an unknown god.
   237 | D:1      | Reached XP level 2. HP: 19/19 MP: 2/2
   420 | D:1      | Reached skill level 3 in Axes
   422 | D:1      | Reached XP level 3. HP: 23/23 MP: 3/3
   615 | D:1      | 615 ||| Stepping ~*~*~tactically~*~*~ (stealth).
   802 | D:1      | Found Foler's Magic Scroll Shoppe.
   812 | D:1      | 812 ||| SHOPLISTING 3 scrolls of teleportation (108 gold,
                  | have 52).
   812 | D:1      | 812 ||| SHOPLISTING scroll of blinking (90 gold, have 52).
   812 | D:1      | 812 ||| SHOPLISTING scroll of enchant armour (90 gold, have
                  | 52).
   812 | D:1      | 812 ||| SHOPLISTING scroll of enchant weapon (90 gold, have
                  | 52).
   812 | D:1      | 812 ||| BUYING scroll of identify (24 gold).
   812 | D:1      | Bought a scroll of identify for 24 gold pieces
   812 | D:1      | 812 ||| SHOPLISTING scroll of teleportation (36 gold, have
                  | 28).
   931 | D:1      | 931 ||| UPGRADING to +2 cloak.
   936 | D:1      | 936 ||| UPGRADING to +0 pair of boots.
   941 | D:1      | 941 ||| UPGRADING to +0 chain mail.
   951 | D:1      | 951 ||| DROPPING +0 scale mail.
   952 | D:1      | 952 ||| UPGRADING to ring of see invisible.
   953 | D:1      | 953 ||| READING scroll labelled QIKHLI BEZULULI.
   957 | D:1      | 957 ||| READING scroll labelled QUEPLU IBROF.
   958 | D:1      | 958 ||| READING 3 scrolls of identify.
   958 | D:1      | 958 ||| IDENTIFYING clear potion
  1060 | D:2      | 1060 ||| DROPPING +0 club.
  1077 | D:2      | Reached XP level 4. HP: 28/28 MP: 4/4
  1164 | D:2      | Found a blossoming altar of Fedhas.
  1261 | D:2      | Reached skill level 4 in Axes
  1825 | D:2      | 1825 ||| UPGRADING to +0 helmet.
  1830 | D:2      | 1830 ||| READING 2 scrolls labelled FUISUE LISCHUAGE.
  1831 | D:2      | 1831 ||| READING scroll labelled VINYMNUSUG.
  1884 | D:2      | 1884 ||| DRINKING 2 inky potions.
  1885 | D:2      | 1885 ||| READING 3 scrolls of identify.
  1885 | D:2      | 1885 ||| IDENTIFYING lumpy grey potion
  1886 | D:2      | 1886 ||| READING 2 scrolls of identify.
  1886 | D:2      | 1886 ||| IDENTIFYING white potion
  1887 | D:2      | 1887 ||| DROPPING scroll of immolation.
  1888 | D:2      | 1888 ||| DROPPING potion of berserk rage.
  2183 | D:3      | 2183 ||| Stepping ~*~*~tactically~*~*~ (stealth).
  2196 | D:3      | Reached XP level 5. HP: 32/32 MP: 5/5
  2304 | D:3      | 2304 ||| Stepping ~*~*~tactically~*~*~ (hiding).
  2310 | D:3      | 2310 ||| DRINKING 5 potions of curing.
  2310 | D:3      | 2310 ||| (to cure confusion)
  2319 | D:3      | Reached skill level 5 in Axes
  2433 | D:3      | 2433 ||| DROPPING +0 whip.
  2623 | D:3      | Noticed Robin
  2639 | D:3      | Killed Robin
  2640 | D:3      | Reached XP level 6. HP: 28/38 MP: 6/6
  2789 | D:3      | Found an ancient bone altar of Kikubaaqudgha.
  2800 | D:3      | You fall into a shaft and drop 3 floors!
  2823 | D:6      | Found a white marble altar of Elyvilon.
  2843 | D:6      | Found a basalt altar of Yredelemnul.
  2854 | D:6      | 2854 ||| UPGRADING to +0 plate armour.
  2864 | D:6      | 2864 ||| DROPPING +0 chain mail.
  2865 | D:6      | 2865 ||| UPGRADING to amulet of guardian spirit.
  2879 | D:5      | Entered Level 5 of the Dungeon
  2879 | D:5      | Noticed a black bear
  2880 | D:5      | 2880 ||| Stepping ~*~*~tactically~*~*~ (hiding).
  2888 | D:5      | Killed a black bear
  2899 | D:5      | Reached skill level 6 in Axes
  2966 | D:5      | Noticed an ice beast
  2975 | D:5      | Killed an ice beast
  2976 | D:5      | Reached XP level 7. HP: 43/43 MP: 7/7
  3023 | D:5      | Found Qiucar's Jewellery Emporium.
  3035 | D:5      | 3035 ||| SHOPLISTING +4 ring of evasion (396 gold, have
                  | 58).
  3035 | D:5      | 3035 ||| SHOPLISTING +6 ring of strength (396 gold, have
                  | 58).
  3035 | D:5      | 3035 ||| SHOPLISTING amulet of regeneration (330 gold, have
                  | 58).
  3035 | D:5      | 3035 ||| SHOPLISTING ring of protection from cold (275
                  | gold, have 58).
  3082 | D:5      | HP: 10/43 [orc warrior/+0 dire flail (10)]
  3083 | D:5      | 3083 ||| DRINKING potion of heal wounds.
  3128 | D:5      | 3128 ||| Stepping ~*~*~tactically~*~*~ (stealth).
  3129 | D:5      | 3129 ||| Stepping ~*~*~tactically~*~*~ (stealth).
  3284 | D:5      | 3284 ||| READING scroll labelled PUIFEJ CANUAMU.
  3285 | D:5      | 3285 ||| DRINKING 2 viscous emerald potions.
  3286 | D:5      | 3286 ||| READING 3 scrolls of identify.
  3286 | D:5      | 3286 ||| IDENTIFYING orange potion
  3287 | D:5      | 3287 ||| DROPPING potion of flight.
  3319 | D:4      | 3319 ||| Stepping ~*~*~tactically~*~*~ (stealth).
  3430 | D:4      | Reached skill level 7 in Axes
  3469 | D:4      | 3469 ||| Stepping ~*~*~tactically~*~*~ (stealth).
  3600 | D:4      | 3600 ||| READING scroll labelled HYXTAL PUIL.
  3753 | D:4      | 3753 ||| Stepping ~*~*~tactically~*~*~ (stealth).
  3761 | D:4      | Reached XP level 8. HP: 49/49 MP: 8/8
  3788 | D:4      | 3788 ||| Stepping ~*~*~tactically~*~*~ (stealth).
  3943 | D:4      | 3943 ||| READING scroll of enchant armour.
  3943 | D:4      | 3943 ||| ENCHANTING +0 helmet.
  4011 | D:4      | 4011 ||| READING 2 scrolls of identify.
  4011 | D:4      | 4011 ||| IDENTIFYING sedimented purple potion
  4012 | D:4      | 4012 ||| DROPPING potion of brilliance.
  4145 | D:5      | Reached skill level 1 in Dodging
  4275 | D:5      | Reached skill level 1 in Throwing
  4286 | D:5      | 4286 ||| Stepping ~*~*~tactically~*~*~ (stealth).
  4291 | D:5      | Noticed a kobold demonologist
  4292 | D:5      | 4292 ||| Stepping ~*~*~tactically~*~*~ (stealth).
  4309 | D:5      | Noticed a vampire
  4321 | D:5      | Noticed a rust devil
  4325 | D:5      | Noticed a ynoxinul
  4328 | D:5      | Killed a kobold demonologist
  4329 | D:5      | Reached skill level 8 in Axes
  4331 | D:5      | 4331 ||| DRINKING 6 potions of curing.
  4331 | D:5      | 4331 ||| (to cure confusion)
  4338 | D:5      | HP: 10/49 [vampire (8)]
  4341 | D:5      | 4341 ||| DRINKING 5 potions of curing.
  4341 | D:5      | 4341 ||| (to cure confusion)
  4343 | D:5      | Killed a vampire
  4344 | D:5      | Reached skill level 6 in Fighting
  4407 | D:5      | 4407 ||| FLEEEEING.
  4408 | D:5      | 4408 ||| FLEEEEING.
  4409 | D:5      | 4409 ||| FLEEEEING.
  4411 | D:5      | 4411 ||| FLEEEEING.
  4412 | D:5      | 4412 ||| FLEEEEING.
  4413 | D:5      | 4413 ||| FLEEEEING.
  4414 | D:5      | 4414 ||| FLEEEEING.
  4415 | D:5      | 4415 ||| FLEEEEING.
  4416 | D:5      | 4416 ||| FLEEEEING.
  4417 | D:5      | 4417 ||| FLEEEEING.
  4418 | D:5      | 4418 ||| FLEEEEING.
  4419 | D:5      | 4419 ||| FLEEEEING.
  4420 | D:5      | 4420 ||| FLEEEEING.
  4421 | D:5      | 4421 ||| FLEEEEING.
  4422 | D:5      | 4422 ||| FLEEEEING.
  4423 | D:5      | 4423 ||| FLEEEEING.
  4424 | D:5      | 4424 ||| FLEEEEING.
  4425 | D:5      | 4425 ||| FLEEEEING.
  4426 | D:5      | 4426 ||| FLEEEEING.
  4427 | D:5      | 4427 ||| FLEEEEING.
  4429 | D:5      | 4429 ||| FLEEEEING.
  4430 | D:5      | 4430 ||| FLEEEEING.
  4431 | D:5      | 4431 ||| FLEEEEING.
  4432 | D:5      | 4432 ||| FLEEEEING.
  4433 | D:5      | 4433 ||| FLEEEEING.
  4434 | D:5      | 4434 ||| FLEEEEING.
  4435 | D:5      | 4435 ||| FLEEEEING.
  4436 | D:5      | 4436 ||| FLEEEEING.
  4437 | D:5      | 4437 ||| FLEEEEING.
  4438 | D:5      | 4438 ||| FLEEEEING.
  4439 | D:5      | 4439 ||| FLEEEEING.
  4440 | D:5      | 4440 ||| FLEEEEING.
  4441 | D:5      | 4441 ||| FLEEEEING.
  4442 | D:5      | 4442 ||| FLEEEEING.
  4443 | D:5      | 4443 ||| FLEEEEING.
  4444 | D:5      | 4444 ||| FLEEEEING.
  4445 | D:5      | 4445 ||| FLEEEEING.
  4447 | D:5      | 4447 ||| FLEEEEING.
  4448 | D:5      | 4448 ||| FLEEEEING.
  4449 | D:5      | 4449 ||| FLEEEEING.
  4451 | D:5      | 4451 ||| STAIRDANCE
  4538 | D:4      | 4538 ||| READING scroll labelled HAP VYRAUBBUSM.
  4544 | D:5      | 4544 ||| STAIRDANCE
  4643 | D:5      | Found a runed translucent door.
  4814 | D:5      | 4814 ||| Stepping ~*~*~tactically~*~*~ (stealth).
  4827 | D:5      | 4827 ||| Stepping ~*~*~tactically~*~*~ (hiding).
  4876 | D:5      | Reached skill level 6 in Armour
  4876 | D:5      | Reached XP level 9. HP: 55/55 MP: 9/9
  5212 | D:5      | Noticed qw's ghost (amateur MiBe)
  5214 | D:5      | 5214 ||| READING 3 scrolls of identify.
  5214 | D:5      | 5214 ||| IDENTIFYING black potion
  5215 | D:5      | 5215 ||| READING 2 scrolls of identify.
  5215 | D:5      | 5215 ||| IDENTIFYING blue potion
  5216 | D:5      | 5216 ||| DROPPING potion of magic.
  5217 | D:5      | 5217 ||| DROPPING potion of ambrosia.
  5311 | D:6      | 5311 ||| Stepping ~*~*~tactically~*~*~ (hiding).
  5325 | D:6      | Found a shadowy altar of Dithmenos.
  5341 | D:6      | 5341 ||| Stepping ~*~*~tactically~*~*~ (hiding).
  5346 | D:6      | 5346 ||| DRINKING 5 potions of curing.
  5346 | D:6      | 5346 ||| (to cure confusion)
  5483 | D:6      | Reached skill level 9 in Axes
  5673 | D:6      | 5673 ||| Stepping ~*~*~tactically~*~*~ (stealth).
  5682 | D:6      | 5682 ||| Stepping ~*~*~tactically~*~*~ (stealth).
  5690 | D:6      | 5690 ||| Stepping ~*~*~tactically~*~*~ (stealth).
  5712 | D:6      | 5712 ||| Stepping ~*~*~tactically~*~*~ (stealth).
  5918 | D:6      | Identified the +0 helmet of Terror {Str-5 Int+4}
  6015 | D:6      | Found an iron altar of Okawaru.
  6155 | D:6      | 6155 ||| DROPPING +0 helmet of Terror {Str-5 Int+4}.
  6156 | D:6      | 6156 ||| UPGRADING to +4 ring of slaying {mikee}.
  6157 | D:6      | 6157 ||| READING 3 scrolls labelled UTOG JAORGH.
  6158 | D:6      | 6158 ||| READING scroll labelled HIPSAE PESANE.
  6220 | D:6      | Became a worshipper of Warmaster Okawaru
  6221 | D:6      | 6221 ||| REMOVING amulet of guardian spirit.
  6226 | D:6      | 6226 ||| DROPPING amulet of guardian spirit.
  6380 | D:7      | 6380 ||| Stepping ~*~*~tactically~*~*~ (hiding).
  6389 | D:7      | Reached skill level 10 in Axes
  6470 | D:7      | Found Esur's General Store.
  6471 | D:7      | 6471 ||| Stepping ~*~*~tactically~*~*~ (cloud).
  6482 | D:7      | Reached XP level 10. HP: 56/63 MP: 10/10
  6482 | D:7      | 6482 ||| Stepping ~*~*~tactically~*~*~ (cloud).
  6483 | D:7      | 6483 ||| Stepping ~*~*~tactically~*~*~ (cloud).
  6520 | D:7      | 6520 ||| SHOPLISTING -2 hat of the Alchemist {rElec rPois
                  | rF+ rC+ rN+ Will+ rMut rCorr} (613 gold, have 340).
  6520 | D:7      | 6520 ||| BUYING 2 potions of attraction (78 gold).
  6520 | D:7      | Bought 2 potions of attraction for 78 gold pieces
  6520 | D:7      | 6520 ||| BUYING potion of mutation (104 gold).
  6520 | D:7      | Bought a potion of mutation for 104 gold pieces
  6541 | D:7      | 6541 ||| Stepping ~*~*~tactically~*~*~ (hiding).
  6677 | D:7      | 6677 ||| Stepping ~*~*~tactically~*~*~ (stealth).
  6730 | D:7      | Found a staircase to the Ecumenical Temple.
  6745 | D:7      | Reached * piety under Okawaru
  7067 | D:8      | 7067 ||| Stepping ~*~*~tactically~*~*~ (hiding).
  7069 | D:8      | 7069 ||| Stepping ~*~*~tactically~*~*~ (hiding).
  7075 | D:8      | Reached skill level 1 in Invocations
  7215 | D:8      | 7215 ||| INVOKING Heroism.
  7453 | D:8      | Noticed Grum
  7454 | D:8      | 7454 ||| Stepping ~*~*~tactically~*~*~ (hiding).
  7458 | D:8      | 7458 ||| INVOKING Heroism.
  7466 | D:8      | HP: 16/64 [black bear (5)]
  7469 | D:8      | Reached skill level 3 in Invocations
  7469 | D:8      | Slain by Grum

Levels and vault maps discovered:
D:1:      shiori_arrival_whats_in_store_for_you, layout_basic,
          basic_ecumenical_altar, serial_shops, nicolae_shop_advertising_works
          [nicolae_subvault_shop_adworks], minmay_pentomino_p2
D:2:      layout_loops_ring, basic_altar
D:3:      layout_basic, lemuel_doored_altar, uniq_robin
D:4:      layout_loops_cross, minivault_23, hangedman_decor_riveting,
          minmay_misc_feat_room
D:5:      layout_loops_ring, serial_shops, nicolae_shop_trees,
          ebering_ghost_sewer_d, minmay_divided_ellipse
D:6:      layout_loops_cross, general_overflow_altar,
          nicolae_dithmenos_shadow_blocks, lemuel_tele_altar,
          mainiacjoe_overflow_catwalk, minmay_joined_circles
D:7:      layout_cave_pools, minmay_temple_entry_slanted, serial_shops,
          kennysheep_little_box
D:8:      minmay_skewed_foursquare, layout_cave_pools, kennysheep_mini_moat,
          grunt_ministairs_12, uniq_grum

Skill      XL: |  1  2  3  4  5  6  7  8  9 10 |
---------------+-------------------------------+-----
Axes           | 2 3 4 5 6 7 8 10 | 10.0
Fighting       | 4 5 6 7 8 |  8.0
Armour         | 4 6 7 |  7.1
Dodging        | 1 |  1.3
Throwing       | 1 |  1.1
Shields        | 4 5 |  5.0
Invocations    | 3 |  3.0

Action                   |  1- 3 |  4- 6 |  7- 9 | 10-12 || total
-------------------------+-------+-------+-------+-------++-------
Melee: War axe           |    85 |   159 |   308 |    67 ||   619
Throw: Boomerang         |       |    13 |    39 |    24 ||    76
Invok: Heroism           |       |       |       |     2 ||     2
  Use: Scroll            |     3 |     4 |    10 |       ||    17
       Potion            |       |     2 |     5 |       ||     7
Armor: Scale mail        |    49 |       |       |       ||    49
       Chain mail        |       |    97 |       |       ||    97
       Plate armour      |       |    21 |   199 |    40 ||   260
Dodge: Dodged            |    40 |    66 |    67 |    22 ||   195
Block: Buckler           |    22 |    24 |    51 |    15 ||   112

Table legend:
 A = Non-vault XP
 B = Vault XP
 C = Vault XP percentage of total XP
 D = Non-vault monster count
 E = Vault monster count
 F = Vault count percentage of total count
                 A         B        C        D         E       F
            +---------+---------+-------+---------+---------+-------
      Total |    3900 |    2421 |  38.3 |     145 |      37 |  20.3
            +---------+---------+-------+---------+---------+-------
        D:1 |      69 |       4 |   5.5 |      31 |       2 |   6.1
        D:2 |      57 |       0 |   0.0 |      17 |       0 |   0.0
        D:3 |     169 |      27 |  13.8 |      21 |       7 |  25.0
        D:4 |     393 |       0 |   0.0 |      15 |       0 |   0.0
        D:5 |     679 |    1023 |  60.1 |      21 |      13 |  38.2
        D:6 |     848 |     900 |  51.5 |      12 |      11 |  47.8
        D:7 |    1011 |       0 |   0.0 |      19 |       0 |   0.0
        D:8 |     674 |     467 |  40.9 |       9 |       4 |  30.8
            +---------+---------+-------+---------+---------+-------
